 Dungeon Crawl Stone Soup version 0.30-a0-726-gd89dcf765f (webtiles) character file.

Game seed: 10813595603665694704

106 hbarley the Chopper (level 4, -2/55 HPs)
             Began as a Draconian Gladiator on Jan 29, 2023.
             Slain by a gnoll
             ... wielding a +0 halberd
              (4 damage)
             ... on level 3 of the Dungeon.
             The game lasted 00:08:06 (1685 turns).

hbarley the Chopper (Draconian Gladiator)           Turns: 1685, Time: 00:08:08

Health: -2/55      AC: 22    Str: 25    XL:     4   Next: 55%
Magic:  4/4        EV:  2    Int:  8    God:
Gold:   171        SH:  0    Dex: 12    Spells: 3/3 levels left

rFire   . . .      SeeInvis .    a - +0 war axe
rCold   . . .      Faith    .    (no shield)
rNeg    . . .      Spirit   .    (body armour unavailable)
rPois   +          Reflect  .    (helmet currently unavailable)
rElec   .          Harm     .    (cloak currently unavailable)
rCorr   .          Rampage  .    (gloves currently unavailable)
Will    .....      NoTele   +    (boots currently unavailable)
Stlth   +                        k - amulet of magic regeneration
HPRegen 0.29/turn                f - +6 ring of strength
MPRegen 0.49/turn                (no ring)

@: brilliant, tree-form
A: stationary, stasis, torment immunity, boosted hp, AC +5, unfitting armour,
(cold-blooded)
a: no special abilities


You were on level 3 of the Dungeon.
You were a tree.
You visited 1 branch of the dungeon, and saw 3 of its levels.

You collected 171 gold pieces.

Inventory:

Hand Weapons
 a - a +0 war axe (weapon)
 m - the +6 quarterstaff "Zeifeb" {flame, MP-9 Int+6 Dex+2}
   (You found it on level 2 of the Dungeon)

   Int:       It affects your intelligence (+6).
   Dex:       It affects your dexterity (+2).
   MP:        It affects your magic capacity (-9).
Missiles
 c - 4 throwing nets (quivered)
 d - a javelin
Armour
 b - a +0 hat (melded)
 o - a +0 scale mail
Jewellery
 f - a +6 ring of strength (left branch)
 k - an amulet of magic regeneration (around neck)
Scrolls
 e - a scroll of butterflies {unknown}
 h - a scroll of fog {unknown}
 i - a scroll of magic mapping {unknown}
 j - 3 scrolls of identify {unknown}
 l - a scroll of enchant armour {unknown}
 n - a scroll of immolation {unknown}
 p - a scroll of poison {unknown}
 q - 3 scrolls of fear {unknown}
 s - a scroll of enchant weapon {unknown}
 t - a scroll of noise {unknown}
 u - a scroll of teleportation {unknown}


   Skills:
 + Level 2.9 Fighting
 + Level 4.6 Axes
 - Level 1.7 Throwing
 + Level 3.1 Dodging
 + Level 0.6 Stealth


You had 3 spell levels left.
You didn't know any spells.
Your spell library was empty.

Dungeon Overview and Level Annotations

Branches:
Dungeon (3/15)

Altars:


Innate Abilities, Weirdness & Mutations

You are a tree.
Your roots penetrate the ground, keeping you stationary.
You cannot be teleported.
You are immune to unholy pain and torment.
Your maximum health is greatly increased.
Your equipment is partially melded.
((Your plain brown scales are hard. (AC +5)))
You cannot fit into any form of body armour.
((You are cold-blooded and may be slowed by cold attacks.))


Message History

* * * LOW HITPOINT WARNING * * *
The dart slug launches a dart at you. The slug dart misses you.
Things that are here:
a +0 morningstar; a +0 chain mail; an orc corpse
Items here: ( )) [ ÷.
The gnoll attacks as you move away! The gnoll barely misses you.
You slash the gnoll!
The gnoll is almost dead.
The gnoll hits you with a +0 whip. The gnoll barely misses you.
You closely miss the gnoll.
The gnoll is almost dead.
The gnoll hits you with a +0 whip!
* * * LOW HITPOINT WARNING * * *
You hit the gnoll.
You kill the gnoll!
You hit the frilled lizard.
You kill the frilled lizard!
The gnoll closely misses you.
Things that are here:
a +0 whip; a +0 ring mail; a frilled lizard corpse It was a potion of brilliance.
You feel clever all of a sudden.
The gnoll hits you from afar with a +0 halberd.
* * * LOW HITPOINT WARNING * * *
It was a potion of lignification.
You turn into a tree.
Your +0 hat melds into your body.
Your roots penetrate the ground.
The gnoll hits you but does no damage.
You cannot move.
Press: ? - help, v - describe, . - travel, g - get item
Here: a gnoll, wielding a +0 halberd
Items here: ( )) [ ÷.
The floor, spattered with blood.
There are monsters nearby!
Cleave: a) +0 war axe
Press: ? - help, Dir - move target, f - you, p - gnoll
Okay, then.
You cannot move.
The gnoll hits you from afar with a +0 halberd.
You die...

.....#.w...g##....# ....
..##..#............# ###
...............<...#
.######...#......#####
..<..............# ###
#.##.....######.# #..
#....## #.# #.#
##...)#######.#########.#
#....wg)♣..#........##..#
.......######.#........##.##
####.#.# #.#.....#..#..#
#.#.. #.#####.#.>..## #.###
#.# #.###### #. #.# ##.###
#.# #....###### #.#
##......... #.# #.#.######


You could see a gnoll and a dart slug.

Vanquished Creatures
  2 adders (D:3)
  3 gnolls (D:3)
  A worm (D:2)
  3 dart slugs
  3 orcs (D:3)
  An endoplasm (D:2)
  2 giant cockroaches
  4 goblins
  6 hobgoblins
  A quokka (D:1)
  5 ball pythons
  3 frilled lizards
  6 kobolds
  7 rats
47 creatures vanquished.

Notes
Turn   | Place    | Note
-------+----------+-------------------------------------------
     0 | D:1      | hbarley the Draconian Gladiator began the quest for the
                  | Orb.
     0 | D:1      | Reached XP level 1. HP: 17/17 MP: 1/1
   179 | D:1      | Reached XP level 2. HP: 24/24 MP: 2/2
   526 | D:2      | Identified the +6 quarterstaff "Zeifeb" {flame, MP-9 Int+6
                  | Dex+2}
   677 | D:2      | Reached XP level 3. HP: 30/30 MP: 3/3
  1210 | D:3      | Reached skill level 4 in Axes
  1477 | D:3      | Reached XP level 4. HP: 9/37 MP: 4/4
  1683 | D:3      | HP: 1/37 [gnoll/+0 halberd (4)]
  1685 | D:3      | Slain by a gnoll

Illustrated notes

Levels and vault maps discovered:
D:1:      dpeg_arrival_rooms_a, layout_rooms
D:2:      layout_loops_ring, st_stairs_9, kennysheep_small_spiral
D:3:      layout_basic, shapermc_ecumenical_altar_totnotflames, hex_intersection

Skill      XL: |  1  2  3 |
---------------+----------+-----
Dodging        | 3 |  3.1
Axes           | 4 |  4.6
Fighting       | |  2.9
Throwing       | |  1.7
Stealth        | |  0.6

Action                     |  1- 3 |  4- 6 || total
---------------------------+-------+-------++-------
  Melee: War axe           |    96 |    18 ||   114
         Tailslap          |     9 |       ||     9
         Punch             |     1 |       ||     1
    Use: Potion            |       |     2 ||     2
   Stab: Sleeping          |     1 |       ||     1
 Armour: Skin              |    24 |     5 ||    29
  Dodge: Dodged            |    76 |    21 ||    97

Table legend: (Time is in decaauts)
 A = Elapsed time spent in this place.
 B = Non-inter-level travel time spent in this place.
 C = Inter-level travel time spent in this place.
 D = Time resting spent in this place.
 E = Time spent auto-exploring this place.
 F = Levels seen in this place.
 G = Mean time per level.
                   A        B        C        D        E       F      G
               +--------+--------+--------+--------+--------+-----+--------+
         Total |   1719 |   1536 |    183 |    173 |    994 |   3 |  573.0 |
       Dungeon |   1719 |   1536 |    183 |    173 |    994 |   3 |  573.0 |
               +--------+--------+--------+--------+--------+-----+--------+

Top non-repeatable levels by time:
     D:2: 684 daAuts
     D:3: 582 daAuts
     D:1: 452 daAuts
